 Dungeon Crawl Stone Soup version 0.29.1-14-g9c671dbff4 (webtiles) character file.

Game seed: 7479211739216878496

164 Barneous the Shooter (level 5, 0/31 HPs)
             Began as an Octopode Hunter on Feb 17, 2023.
             Slain by an iguana (4 damage)
             ... on level 4 of the Dungeon.
             The game lasted 00:07:07 (2909 turns).

Barneous the Shooter (Octopode Hunter)              Turns: 2909, Time: 00:07:08

Health: 0/31       AC:  1    Str:  9 (10) XL:     5   Next: 45%
Magic:  7/7        EV: 18    Int: 13 (14) God:
Gold:   184        SH:  0    Dex: 15      Spells: 6/6 levels left

rFire   . . .      SeeInvis .   a - +0 shortbow
rCold   . . .      Faith    .   (shield currently unavailable)
rNeg    . . .      Spirit   .   (helmet restricted)
rPois   .          Reflect  .   f - amulet of regeneration
rElec   +          Harm     .   g - +4 ring of evasion
rCorr   .          Rampage  .   (no ring)
Will    .....                   (no ring)
Stlth   +++.......              (no ring)
HPRegen 0.90/turn               (no ring)
MPRegen 0.10/turn               (no ring)
                                (no ring)
                                (no ring)

@: no status effects
A: almost no armour, amphibious, 8 rings, camouflage 1, gelatinous body 1,
(nimble swimmer 1), tentacles, deterioration 1, frail 1, electricity resistance,
wild magic 1
a: no special abilities


You were on level 4 of the Dungeon.
You visited 1 branch of the dungeon, and saw 4 of its levels.

You collected 184 gold pieces.

Inventory:

Hand Weapons
 a - a +0 shortbow (weapon)
 b - a +1 dagger of freezing
Jewellery
 f - an amulet of regeneration (around mantle)
 g - a +4 ring of evasion (left tentacle)
Scrolls
 d - 2 scrolls of identify
 i - a scroll of enchant armour
Potions
 h - a potion of brilliance


   Skills:
 + Level 2.7 Fighting
 + Level 4.5 Ranged Weapons
 + Level 2.9 Dodging
 + Level 3.2 Stealth
 + Level 1.8 Unarmed Combat
 + Level 1.3 Spellcasting


You had 6 spell levels left.
You didn't know any spells.
Your spell library contained the following spells:

 Spells                   Type           Power      Damage    Failure   Level
 Beastly Appendage        Tmut           2%         N/A       34%         1
 Scorch                   Fire           2%         2d5       47%         2
 Sublimation of Blood     Necr           1%         N/A       47%         2
 Wereblood                Tmut           1%         N/A       47%         2
 Gell's Gravitas          Tloc           1%         N/A       71%         3
 Spider Form              Tmut/Pois      1%         N/A       71%         3
 Teleport Other           Tloc           1%         N/A       71%         3
 Flame Wave               Conj/Fire      1%         2d4       97%         4
 Dispersal                Tloc           0%         N/A       100%        6
 Summon Cactus Giant      Summ           0%         N/A       100%        6
 Summon Hydra             Summ           0%         N/A       100%        7


Dungeon Overview and Level Annotations

Branches:
Dungeon (4/15)
 Temple: D:4-7

Altars:
Hepliaklqana
Trog
Vehumet
The Shining One


Innate Abilities, Weirdness & Mutations

You cannot wear most types of armour.
You are amphibious.
You can wear up to eight rings at the same time.
Your skin changes colour to match your surroundings (Stealth+).
Your rubbery body absorbs attacks. (AC +1, EV +1)
((You are camouflaged when in or above water. (Stealth+)))
You have tentacles for arms and can constrict up to eight enemies at once.
Your body sometimes deteriorates upon taking damage.
You are frail. (-10% HP)
You are resistant to electric shocks. (rElec)
Your spells are a little harder to cast, but a little more powerful.


Message History

Unknown command.
Fire: a) +0 shortbow
Press: ? - help, Q - select action Shift-Dir - straight line, f/p - iguana
Aim: an iguana (moderately wounded, 65% to hit)
You shoot an arrow. The arrow hits the iguana.
The iguana is severely wounded.
The iguana bites you! The iguana bites you.
* * * LOW HITPOINT WARNING * * *
Fire: a) +0 shortbow
Press: ? - help, Q - select action Shift-Dir - straight line, f/p - iguana
Aim: an iguana (severely wounded, 65% to hit)
You shoot an arrow. The arrow barely misses the iguana.
The iguana barely misses you.
Unknown command.
Fire: a) +0 shortbow
Press: ? - help, Q - select action Shift-Dir - straight line, f/p - iguana
Aim: an iguana (severely wounded, 65% to hit)
You shoot an arrow. The arrow barely misses the iguana.
The iguana completely misses you.
Unknown command.
Fire: a) +0 shortbow
Press: ? - help, Q - select action Shift-Dir - straight line, f/p - iguana
Aim: an iguana (severely wounded, 65% to hit)
You shoot an arrow. The arrow closely misses the iguana.
The iguana misses you.
Unknown command.
Fire: a) +0 shortbow
Press: ? - help, Q - select action Shift-Dir - straight line, f/p - iguana
Aim: an iguana (severely wounded, 65% to hit)
You shoot an arrow. The arrow hits the iguana.
The iguana is severely wounded.
The iguana bites you!
* * * LOW HITPOINT WARNING * * *
The iguana barely misses you.
Fire: a) +0 shortbow
Press: ? - help, Q - select action Shift-Dir - straight line, f/p - iguana
Aim: an iguana (severely wounded, 65% to hit)
You shoot an arrow. The arrow barely misses the iguana.
The iguana bites you.
You die...

#########..#.#.##.#........
#.....(..#..<..##.#.##'#.#.
#.######.#.#...##.#.##.#.#.
#.#.####.#.#...##.#.##.....
#.#......#.##..)#.#.####...
#.#.######.####.....# #...
#.#........# ###...####...
###'###############..........
#.........?l@...†...#.#.#....
#.......#############........
#...#####.###..... ###.####.
#..##=?.##.......[ #.#....
#..#.[.$Sl.####... #.#.##.
#..#!!..?###J=##.. #.#.##.
#..#Jwl..##)...#.. #.#.###
##.##ggh'#'..([#.. #.#.#
##.#####.##$)##.. #.#.#


You could see an iguana.

Vanquished Creatures
  A scorpion (D:4)
  A jelly (D:4)
  2 adders
  2 worms
  A dart slug (D:4)
  An orc (D:3)
  4 endoplasms
  3 giant cockroaches
  6 goblins
  4 hobgoblins
  5 kobolds
  2 quokkas
  9 ball pythons
  5 bats
  4 frilled lizards
  2 rats (D:1)
52 creatures vanquished.

Notes
Turn   | Place    | Note
-------+----------+-------------------------------------------
     0 | D:1      | Barneous the Octopode Hunter began the quest for the Orb.
     0 | D:1      | Reached XP level 1. HP: 14/14 MP: 1/1
   469 | D:1      | Reached XP level 2. HP: 19/19 MP: 2/2
  1099 | D:1      | Gained mutation: Your spells are a little harder to cast,
                  | but a little more powerful. [potion of mutation]
  1099 | D:1      | Gained mutation: You are frail. (-10% HP) [potion of
                  | mutation]
  1099 | D:1      | Gained mutation: Your body sometimes deteriorates upon
                  | taking damage. [potion of mutation]
  1099 | D:1      | Gained mutation: You are resistant to electric shocks.
                  | (rElec) [potion of mutation]
  1181 | D:2      | Reached skill level 1 in Unarmed Combat
  1377 | D:2      | Reached XP level 3. HP: 21/21 MP: 3/3
  1509 | D:2      | Found a radiant altar of Vehumet.
  2356 | D:3      | Found a hazy altar of Hepliaklqana.
  2367 | D:3      | Found a bloodstained altar of Trog.
  2408 | D:3      | Found a radiant altar of Vehumet.
  2420 | D:3      | Found a glowing golden altar of the Shining One.
  2637 | D:4      | Reached XP level 4. HP: 27/27 MP: 5/5
  2831 | D:4      | Noticed a scorpion
  2838 | D:4      | Noticed a scorpion
  2873 | D:4      | Killed a scorpion
  2874 | D:4      | Reached skill level 1 in Spellcasting
  2874 | D:4      | Reached XP level 5. HP: 27/31 MP: 6/6
  2909 | D:4      | Slain by an iguana

Illustrated notes

Levels and vault maps discovered:
D:1:      lightli_arrival_isolated_outpost, layout_basic
D:2:      layout_basic, basic_altar, minmay_misc_feat_more_columns,
          minmay_misc_feat_rugged
D:3:      layout_basic, nicolae_overflow_quartered_altars, minivault_19
D:4:      minmay_door_path, layout_basic, kennysheep_orc_sif_temple,
          minmay_joined_circles

Skill      XL: |  1  2  3  4 |
---------------+-------------+-----
Stealth        | 2 3 |  3.2
Unarmed Combat | 1 |  1.8
Spellcasting   | 1 |  1.3
Fighting       | |  2.7
Ranged Weapons | |  4.5
Dodging        | |  2.9

Action                   |  1- 3 |  4- 6 || total
-------------------------+-------+-------++-------
 Fire: Shortbow          |   101 |    43 ||   144
  Use: Scroll            |     5 |     2 ||     7
       Potion            |     2 |     1 ||     3
Dodge: Dodged            |     9 |    31 ||    40
